 Seeded DCSS version 0.30-a0-242-g7bf8e6d787 (webtiles) character file.

Game seed: 20221011 (custom seed)

108 Nerdsrcool the Conjurer (level 4, 0/34 HPs)
             Began as a Draconian Conjurer on Oct 11, 2022.
             Killed from afar by Crazy Yiuf (9 damage)
             ... with a puff of flame
             ... on level 3 of the Dungeon.
             The game lasted 00:09:34 (3161 turns).

Nerdsrcool the Conjurer (Draconian Conjurer)        Turns: 3161, Time: 00:09:35

Health: 0/34       AC:  5    Str:  9    XL:     4   Next: 58%
Magic:  7/8        EV: 12    Int: 20    God:
Gold:   233        SH:  0    Dex: 10    Spells: 7/8 levels left

rFire   . . .      SeeInvis .    b - +0 mace
rCold   . . .      Faith    .    (no shield)
rNeg    . . .      Spirit   .    (body armour unavailable)
rPois   .          Reflect  .    (helmet restricted)
rElec   .          Harm     .    (no cloak)
rCorr   .          Rampage  .    (no gloves)
Will    .....                    (no boots)
Stlth   ++........               (no amulet)
HPRegen 0.25/turn                (no ring)
MPRegen 0.11/turn                (no ring)

@: hasted, very quick
A: AC +5, unfitting armour, cold-blooded
a: no special abilities


You were on level 3 of the Dungeon.
You visited 1 branch of the dungeon, and saw 3 of its levels.

You collected 233 gold pieces.

Inventory:

Hand Weapons
 b - a +0 mace (weapon)
Missiles
 e - 4 javelins
 j - 2 poisoned darts
 s - 2 boomerangs
Jewellery
 i - an amulet of faith
Scrolls
 c - 3 scrolls of identify {unknown}
 d - a scroll of teleportation {unknown}
 k - a scroll of acquirement {unknown}
 l - a scroll of immolation {unknown}
 m - a scroll of poison {unknown}
 n - a scroll of amnesia {unknown}
 q - a scroll of summoning {unknown}
 r - a scroll of fear {unknown}
Potions
 a - a potion of magic
 f - a potion of mutation {unknown}
 g - 2 potions of curing {unknown}
 h - 3 potions of lignification {unknown}
 o - a potion of ambrosia {unknown}
 p - 3 potions of heal wounds {unknown}


   Skills:
 + Level 0.5 Fighting
 + Level 1.6 Maces & Flails
 + Level 1.9 Dodging
 + Level 2.0 Stealth
 + Level 2.8 Spellcasting
 + Level 4.9 Conjurations


You had 7 spell levels left.
You knew the following spells:

 Your Spells              Type           Power      Damage    Failure   Level
a - Magic Dart            Conj           88%        1d7       1%          1

Your spell library contained the following spells:

 Spells                   Type           Power      Damage    Failure   Level
 Searing Ray              Conj           44%        2d6       2%          2
 Dazzling Flash           Conj/Hex       24%        N/A       16%         3
 Fulminant Prism          Conj/Hex       6%         3d7       45%         4
 Iskenderun's Mystic Bla  Conj/Tloc      12%        2d5       45%         4


Dungeon Overview and Level Annotations

Branches:
Dungeon (3/15)

Altars:
Fedhas

Shops:
D:3 :

Annotations:
D:3 Crazy Yiuf


Innate Abilities, Weirdness & Mutations

Your plain brown scales are hard. (AC +5)
You cannot fit into any form of body armour.
You are cold-blooded and may be slowed by cold attacks.


Message History

You hit the fungus.
The fungus is lightly damaged.
You hit the fungus.
The fungus is lightly damaged.
A nearby fungus withers and dies.
You hit the fungus but do no damage. You hit the fungus.
The fungus begins to die.
The fungus is lightly damaged.
You hit the fungus.
The fungus is lightly damaged.
You hit the fungus.
The fungus is lightly damaged.
A nearby fungus withers and dies.
You hit the fungus.
The fungus begins to die.
You tail-slap the fungus, but do no damage.
The fungus is lightly damaged.
You hit the fungus. You tail-slap the fungus.
The fungus is lightly damaged.
You hit the fungus.
The fungus begins to die.
The fungus is lightly damaged.
A nearby fungus withers and dies.
You hit the fungus.
The fungus is lightly damaged.
Found a runed hammer.
Found a runed translucent door.
A nearby fungus withers and dies.
Crazy Yiuf shouts!
You can't see any susceptible monsters within range! (Use Z to cast anyway.)
You open the door. You closely miss Crazy Yiuf. You tail-slap Crazy Yiuf.
Crazy Yiuf is lightly wounded.
Crazy Yiuf hits you with a +3 quarterstaff of chaos.
You feel yourself speed up.
The magic dart hits Crazy Yiuf.
Crazy Yiuf is moderately wounded.
Crazy Yiuf hits you with a +3 quarterstaff of chaos!
Space warps horribly around you!
* * * LOW HITPOINT WARNING * * *
You are too injured to fight recklessly!
Crazy Yiuf zaps a wand.
The puff of flame hits you!
You die...

#.###### #'# #.#
#......#### ♣.♣♣
########.###
#.##......# ♣♣g♣
#........##.
##.##.#.#### ♣.♣♣
####.###....
...##.#....# ♣♣g♣
#.....#####.
#####.###### ♣♣.♣♣
####.## #. #.#
♣...♣ ##.######.
#.# ♣♣...♣
#......... #.#
#.@..# #..####...
#.# #....#
#..###....
#####.#### #...##
#......#..
.........# ##.##
#.####....
####.....#######.#
#.#####.#.
#.............#
#......... ##
#.......#######
#######.## .#
#.......# #.## .#
#.#...### #####.#


You could see Crazy Yiuf.

Vanquished Creatures
  4 adders (D:2)
  A worm (D:3)
  2 dart slugs (D:1)
  3 orcs (D:3)
  7 ball pythons
  5 endoplasms
  2 giant cockroaches (D:1)
  5 goblins
  7 hobgoblins
  2 jackals (D:3)
  A quokka (D:1)
  9 bats
  5 frilled lizards
  5 kobolds
  A rat (D:1)
59 creatures vanquished.

Vanquished Creatures (others)
  5 fungi (D:3)
5 creatures vanquished.

Grand Total: 64 creatures vanquished

Notes
Turn   | Place    | Note
-------+----------+-------------------------------------------
     0 | D:1      | Nerdsrcool the Draconian Conjurer began the quest for the
                  | Orb.
     0 | D:1      | Reached XP level 1. HP: 14/14 MP: 3/3
   267 | D:1      | Reached XP level 2. HP: 13/20 MP: 1/5
   668 | D:1      | Reached skill level 1 in Maces & Flails
   697 | D:1      | Reached XP level 3. HP: 26/26 MP: 0/6
  1660 | D:2      | Reached XP level 4. HP: 30/33 MP: 3/7
  2165 | D:3      | Found Taipeda's Book Boutique.
  2989 | D:3      | Found a blossoming altar of Fedhas.
  3148 | D:3      | Found a runed translucent door.
  3149 | D:3      | Noticed Crazy Yiuf
  3161 | D:3      | Killed from afar by Crazy Yiuf

Illustrated notes

Levels and vault maps discovered:
D:1:      psy_arrival_fountain, layout_basic
D:2:      layout_loops_ring, dreamdust_wishing_well
D:3:      layout_loops_ring, nicolae_overflow_hidden_temple, serial_shops, shop,
          uniq_crazy_yiuf_cottage

Skill      XL: |  1  2  3  4 |
---------------+-------------+-----
Maces & Flails | 1 |  1.6
Stealth        | 2 |  2.0
Fighting       | |  0.5
Dodging        | |  1.9
Spellcasting   | |  2.8
Conjurations   | |  4.9

Action                   |  1- 3 |  4- 6 || total
-------------------------+-------+-------++-------
Melee: Mace              |    36 |    19 ||    55
       Tailslap          |     5 |     6 ||    11
 Cast: Magic Dart        |    65 |    45 ||   110
  Use: Potion            |       |     1 ||     1
Armor: Skin              |    29 |     2 ||    31
Dodge: Dodged            |    46 |     6 ||    52

Table legend: (Time is in decaauts)
 A = Elapsed time spent in this place.
 B = Non-inter-level travel time spent in this place.
 C = Inter-level travel time spent in this place.
 D = Time resting spent in this place.
 E = Time spent auto-exploring this place.
 F = Levels seen in this place.
 G = Mean time per level.
                   A        B        C        D        E       F      G
               +--------+--------+--------+--------+--------+-----+--------+
         Total |   3177 |   3108 |     69 |     70 |   2563 |   3 | 1059.0 |
       Dungeon |   3177 |   3108 |     69 |     70 |   2563 |   3 | 1059.0 |
               +--------+--------+--------+--------+--------+-----+--------+

Top non-repeatable levels by time:
     D:1: 1173 daAuts
     D:3: 1037 daAuts
     D:2: 966 daAuts
